Blues vs Penguins
(R1)
Created - 14 mai 2016 at 08:51
Goals
|
| Blues |
0 |
2 |
1 |
3 |
| Penguins |
2 |
2 |
3 |
7 |
|
Shots
|
| Blues |
7 |
14 |
12 |
33 |
| Penguins |
14 |
9 |
10 |
33 |
|
1st period
1. Penguins , Dion Phaneuf 1 (Simon Gagné, Nathan Horton) at 0:11
2. Penguins , Sean Zimmerman 1 (Bobby Ryan, Steven Stamkos) at 15:50
Penalties :
Drew Fata (STL) for Holding (Minor) at 0:35, Brooks Orpik (Pit) for Hooking (Minor) at 9:13, Brendan Smith (Pit) for High sticking (Minor) at 16:57
2nd period
3. Penguins , Oleg Kvasha 1 (Dion Phaneuf, Sean Zimmerman) at 5:56
4. Penguins , Bobby Ryan 2 (Steven Stamkos, Ryan Kesler) at 11:44
5. Blues , Alex Pietrangelo 4 (Joe Pavelski, Travis Zajac) at 12:03
6. Blues , Nicklas Backstrom 2 (Alex Pietrangelo, Travis Zajac) at 12:54
Penalties :
Oleg Kvasha (Pit) for Tripping (Minor) at 3:01, Bobby Ryan (Pit) for Slashing (Minor) at 3:43, Bobby Ryan (Pit) for Hooking (Minor) at 6:39, Brooks Orpik (Pit) for Fighting (Major) at 11:49, Jake Gardiner (STL) for Fighting (Major) at 11:49, David Perron (STL) for Interference (Minor) at 12:08, Steven Stamkos (Pit) for Hooking (Minor) at 12:48
3rd period
7. Penguins , Ryan Kesler 7 (Nathan Horton, Dion Phaneuf) at 4:57 (PP)
8. Penguins , David Jones 3 (Steven Stamkos, Duncan Keith) at 6:35
9. Blues , Alex Pietrangelo 5 (Darren Reid, Nicklas Backstrom) at 8:18
10. Penguins , Simon Gagné 4 (Nathan Horton, Ryan Kesler) at 17:56 (PP)
Penalties :
Cody Franson (STL) for Tripping (Minor) at 3:50, David Jones (Pit) for Roughing (Minor) at 9:07, Brooks Orpik (Pit) for Hooking (Minor) at 14:17, Alex Pietrangelo (STL) for Roughing (Minor) at 17:50, Nathan Horton (Pit) for Charging (Minor) at 18:01, Joe Pavelski (STL) for Holding (Minor) at 18:06
Goalie Stats
Adam Munro (STL), 14 saves from 17 shots - (0,824), 28:16 minutes
Tuukka Rask (STL), 12 saves from 16 shots - (0,750), L, 4-3-0, 31:44 minutes
Brian Elliott (Pit), 30 saves from 33 shots - (0,909), W, 5-0-0, 60:00 minutes
Players Stats for Blues
Player Name G A P +/- PIM S H SB GA TA FO MP PP MP PK MP
------------------------------------------------------------------------------------
Alex Pietrangelo 2 1 3 0 2 4 0 3 1 1 0/0 31:03 7:51 2:45
Bryce Lampman 0 0 0 1 0 0 1 2 0 0 0/0 21:59 0:00 2:51
Cody Franson 0 0 0 -1 2 0 0 0 1 0 0/0 16:11 5:29 0:06
Darren Reid 0 1 1 0 0 3 1 0 0 1 0/0 16:16 6:12 0:00
David Perron 0 0 0 -1 2 5 1 0 2 1 1/2 21:20 7:09 0:00
Drew Fata 0 0 0 -1 2 1 0 1 0 0 0/0 11:55 0:01 0:03
Guillaume Latendresse 0 0 0 0 0 0 1 0 0 0 0/0 10:56 0:01 0:15
Jake Gardiner 0 0 0 -2 5 1 4 0 0 0 0/0 19:27 7:51 0:58
Joe Pavelski 0 1 1 -1 2 3 1 0 0 0 1/1 20:05 7:07 0:00
Lasse Kukkonen 0 0 0 -1 0 0 2 1 0 0 0/0 19:43 5:30 1:01
Lee Stempniak 0 0 0 -2 0 0 0 1 0 0 0/0 6:31 0:00 0:00
Nicklas Backstrom 1 1 2 1 0 3 0 0 0 0 6/12 18:14 6:13 0:15
Nik Antropov 0 0 0 0 0 3 0 0 0 0 6/11 12:49 0:06 2:49
Paul Kariya 0 0 0 0 0 4 0 1 0 0 0/0 15:53 6:12 0:00
Sergei Shirokov 0 0 0 0 0 2 0 1 0 0 0/0 11:29 0:00 0:48
Taylor Pyatt 0 0 0 -2 0 0 0 2 0 0 0/0 9:42 0:00 2:49
Travis Zajac 0 2 2 0 0 3 2 0 1 0 19/42 21:58 7:02 0:00
Tyler Arnason 0 0 0 -2 0 1 1 1 0 1 1/3 7:19 0:00 0:48
Players Stats for Penguins
Player Name G A P +/- PIM S H SB GA TA FO MP PP MP PK MP
------------------------------------------------------------------------------------
Bobby Ryan 1 1 2 1 4 3 4 0 0 0 0/0 18:01 1:19 2:28
Brendan Smith 0 0 0 0 2 1 2 0 1 0 0/0 12:02 0:00 2:10
Brian McGrattan 0 0 0 0 0 0 0 1 0 0 0/0 4:08 0:00 0:00
Brooks Orpik 0 0 0 1 9 0 1 1 0 1 0/0 17:36 0:53 4:14
David Jones 1 0 1 2 2 2 0 0 1 0 0/0 9:44 0:00 0:00
Denis Arkhipov 0 0 0 0 0 1 0 1 0 0 0/2 5:42 0:00 1:18
Dion Phaneuf 1 2 3 1 0 3 1 1 0 1 0/0 30:52 2:59 6:58
Duncan Keith 0 1 1 0 0 0 2 3 1 1 0/0 21:05 0:53 6:22
Dustin Penner 0 0 0 1 0 2 3 0 0 0 0/0 17:38 1:19 2:59
Ladislav Nagy 0 0 0 0 0 0 1 1 0 0 0/0 4:08 0:00 0:00
Nathan Horton 0 3 3 0 2 2 0 0 0 0 1/1 20:25 2:33 4:39
Oleg Kvasha 1 0 1 2 2 3 1 0 0 0 4/7 10:02 0:00 0:07
Paul Ranger 0 0 0 0 0 0 0 0 0 1 0/0 8:11 0:00 0:00
Ryan Kesler 1 2 3 -1 0 2 2 0 0 1 26/49 23:52 2:33 7:05
Sean Zimmerman 1 1 2 2 0 2 1 3 0 0 0/0 30:38 2:59 6:58
Simon Gagné 1 1 2 -1 0 4 0 1 1 0 2/4 23:36 2:33 6:48
Steve Sullivan 0 0 0 2 0 3 1 0 0 0 0/0 9:40 0:00 0:00
Steven Stamkos 0 3 3 1 2 5 2 0 0 0 4/8 14:40 1:18 0:00
3 Stars
1 - Dion Phaneuf (Pit)
2 - Sean Zimmerman (Pit)
3 - Alex Pietrangelo (STL)
Power Play
Blues - 0 on 9 Attempt(s) - 0,00%
Penguins - 2 on 5 Attempt(s) - 40,00%
Penalty Kill
Blues - 3 on 5 Attempt(s) - 60,00%
- Score 0 goal in Penalty Kill
Penguins - 9 on 9 Attempt(s) - 100,00%
- Score 0 goal in Penalty Kill
Team Stat
Blues - Hits : 14 - Faceoff Wins : 34 - Blocked Shots : 13 - Penalty Minutes : 15
Penguins - Hits : 21 - Faceoff Wins : 37 - Blocked Shots : 12 - Penalty Minutes : 23
Official
Referees : VanMassenhoven Don and Lee Chris
Linesman : Tony Sericolo and Brad Kovachik
Game Notes
Adam Munro enters game at 11:44 of 2nd period
Brooks Orpik and Jake Gardiner fight to a draw at 11:49 of 2nd period
Finance
Level 1 -- Attendance: 6000 (100,00%) -- Ticket Income 462 000 $
Level 2 -- Attendance: 5000 (100,00%) -- Ticket Income 225 000 $
Level 3 -- Attendance: 2000 (100,00%) -- Ticket Income 56 000 $
Level 4 -- Attendance: 4000 (100,00%) -- Ticket Income 80 000 $
Luxury Box -- Attendance: 1000 (100,00%) -- Ticket Income 160 000 $
Game was played at the Igloo.
Total Attendance: 18000 (100,00%)
Total Ticket Income: 983 000 $
Other Income: 147 450 $
Total Income: 1 130 450 $
Blues
5 vs 5 Forward
Center Left Wing Right Wing Time % Phy DF OF
1 Travis Zajac David Perron Joe Pavelski 40 1 2 2
2 Nicklas Backstrom Guillaume Latendresse Darren Reid 30 1 2 2
3 Nik Antropov Paul Kariya Sergei Shirokov 20 1 2 2
4 Tyler Arnason Taylor Pyatt Lee Stempniak 10 1 2 2
5 vs 5 Defense
Defense Defense Time % Phy DF OF
1 Bryce Lampman Alex Pietrangelo 40 1 2 2
2 Drew Fata Jake Gardiner 30 1 2 2
3 Lasse Kukkonen Cody Franson 20 1 2 2
4 Alex Pietrangelo Lasse Kukkonen 10 1 2 2
PowerPlay Forward
Center Left Wing Right Wing Time % Phy DF OF
1 Travis Zajac David Perron Joe Pavelski 60 1 2 2
2 Nicklas Backstrom Paul Kariya Darren Reid 40 1 2 2
PowerPlay Defense
Defense Defense Time % Phy DF OF
1 Jake Gardiner Alex Pietrangelo 60 1 2 2
2 Lasse Kukkonen Cody Franson 40 1 2 2
Penalty Kill 4 Players Forward
Center Wing Time % Phy DF OF
1 Nik Antropov Taylor Pyatt 60 1 2 2
2 Tyler Arnason Sergei Shirokov 40 1 2 2
Penalty Kill 4 Players Defense
Defense Defense Time % Phy DF OF
1 Bryce Lampman Alex Pietrangelo 60 1 2 2
2 Lasse Kukkonen Drew Fata 40 1 2 2
Penalty Kill - 3 Players Forward
Forward Time % Phy DF OF
1 Taylor Pyatt 60 1 2 2
2 Nik Antropov 40 1 2 2
Penalty Kill - 3 Players Defense
Defense Defense Time % Phy DF OF
1 Bryce Lampman Alex Pietrangelo 60 1 2 2
2 Lasse Kukkonen Drew Fata 40 1 2 2
4 vs 4 Forward
Center Wing Time % Phy DF OF
1 Travis Zajac David Perron 60 1 2 2
2 Nicklas Backstrom Joe Pavelski 40 1 2 2
4 vs 4 Defense
Defense Defense Time % Phy DF OF
1 Bryce Lampman Alex Pietrangelo 60 1 2 2
2 Lasse Kukkonen Drew Fata 40 1 2 2
Last Minutes Offensive
Center Left Wing Right Wing Defense Defense
Travis Zajac David Perron Joe Pavelski Bryce Lampman Alex Pietrangelo
Last Minutes Defensive
Center Left Wing Right Wing Defense Defense
Nik Antropov Guillaume Latendresse Joe Pavelski Bryce Lampman Alex Pietrangelo
Goaltenders
Starting : Tuukka Rask
Backup : Adam Munro
Extra Forwards
Normal : Nicklas Backstrom, David Perron, Sergei Shirokov - PP : Nicklas Backstrom, David Perron - PK : Sergei Shirokov
Extra Defensemen
Normal : Lasse Kukkonen, Jake Gardiner, Drew Fata - PP : Cody Franson - PK : Jake Gardiner, Cody Franson
Penalty Shots
Travis Zajac, Nik Antropov, Paul Kariya, Joe Pavelski, Nicklas Backstrom
Penguins
5 vs 5 Forward
Center Left Wing Right Wing Time % Phy DF OF
1 Ryan Kesler Simon Gagné Nathan Horton 40 0 2 3
2 Steven Stamkos Dustin Penner Bobby Ryan 30 0 2 3
3 Oleg Kvasha Steve Sullivan David Jones 20 0 2 3
4 Denis Arkhipov Ladislav Nagy Brian McGrattan 10 0 2 3
5 vs 5 Defense
Defense Defense Time % Phy DF OF
1 Sean Zimmerman Dion Phaneuf 40 1 2 2
2 Brooks Orpik Duncan Keith 30 1 2 2
3 Paul Ranger Brendan Smith 20 1 2 2
4 Sean Zimmerman Dion Phaneuf 10 1 2 2
PowerPlay Forward
Center Left Wing Right Wing Time % Phy DF OF
1 Ryan Kesler Simon Gagné Nathan Horton 60 0 1 4
2 Steven Stamkos Dustin Penner Bobby Ryan 40 0 1 4
PowerPlay Defense
Defense Defense Time % Phy DF OF
1 Sean Zimmerman Dion Phaneuf 60 0 2 3
2 Brooks Orpik Duncan Keith 40 0 2 3
Penalty Kill 4 Players Forward
Center Wing Time % Phy DF OF
1 Ryan Kesler Simon Gagné 60 0 4 1
2 Nathan Horton Bobby Ryan 40 0 4 1
Penalty Kill 4 Players Defense
Defense Defense Time % Phy DF OF
1 Sean Zimmerman Dion Phaneuf 60 1 4 0
2 Brooks Orpik Duncan Keith 40 1 4 0
Penalty Kill - 3 Players Forward
Forward Time % Phy DF OF
1 Ryan Kesler 60 0 4 1
2 Simon Gagné 40 0 4 1
Penalty Kill - 3 Players Defense
Defense Defense Time % Phy DF OF
1 Sean Zimmerman Dion Phaneuf 60 1 4 0
2 Brooks Orpik Duncan Keith 40 1 4 0
4 vs 4 Forward
Center Wing Time % Phy DF OF
1 Ryan Kesler Simon Gagné 60 0 2 3
2 Nathan Horton Bobby Ryan 40 0 2 3
4 vs 4 Defense
Defense Defense Time % Phy DF OF
1 Sean Zimmerman Dion Phaneuf 60 1 2 2
2 Brooks Orpik Duncan Keith 40 1 2 2
Last Minutes Offensive
Center Left Wing Right Wing Defense Defense
Ryan Kesler Simon Gagné Nathan Horton Sean Zimmerman Dion Phaneuf
Last Minutes Defensive
Center Left Wing Right Wing Defense Defense
Ryan Kesler Simon Gagné Nathan Horton Sean Zimmerman Dion Phaneuf
Goaltenders
Starting : Brian Elliott
Backup : Josh Tordjman
Extra Forwards
Normal : Steven Stamkos, Ryan Kesler, Oleg Kvasha - PP : Steven Stamkos, Ryan Kesler - PK : Nathan Horton
Extra Defensemen
Normal : Dion Phaneuf, Duncan Keith, Brendan Smith - PP : Brendan Smith - PK : Dion Phaneuf, Duncan Keith
Penalty Shots
Ryan Kesler, Simon Gagné, Nathan Horton, Bobby Ryan, Dustin Penner
% Time on Ice - Blues
Lines # - Real PCT - Wanted PCT - Time Play
Normal Forward
1 - 34% - 40% - 13:20
2 - 25% - 30% - 10:04
3 - 24% - 20% - 9:40
4 - 16% - 10% - 6:31
Normal Defense
1 - 44% - 40% - 17:25
2 - 31% - 30% - 12:26
3 - 22% - 20% - 8:54
4 - 2% - 10% - 0:50
PP Forward
1 - 54% - 60% - 7:09
2 - 46% - 40% - 6:12
PP Defense
1 - 59% - 60% - 7:51
2 - 41% - 40% - 5:30
PK Forward
1 - 79% - 60% - 3:04
2 - 21% - 40% - 0:48
PK Defense
1 - 74% - 60% - 2:51
2 - 26% - 40% - 1:01
PK3 Forward
1 - 0% - 60%
2 - 0% - 40%
PK3 Defense
1 - 0% - 60%
2 - 0% - 40%
44 Forward
1 - 82% - 60% - 2:38
2 - 18% - 40% - 0:34
44 Defense
1 - 69% - 60% - 2:13
2 - 31% - 40% - 0:59
Last Minute Offensive - 0:00
Last Minute Defensive - 0:00
Total
Forward - 60:00
Defense - 60:00
|
% Time on Ice - Penguins
Lines # - Real PCT - Wanted PCT - Time Play
Normal Forward
1 - 31% - 40% - 12:23
2 - 34% - 30% - 13:24
3 - 24% - 20% - 9:40
4 - 10% - 10% - 4:08
Normal Defense
1 - 46% - 40% - 18:07
2 - 32% - 30% - 12:29
3 - 21% - 20% - 8:11
4 - 2% - 10% - 0:48
PP Forward
1 - 66% - 60% - 2:33
2 - 34% - 40% - 1:19
PP Defense
1 - 77% - 60% - 2:59
2 - 23% - 40% - 0:53
PK Forward
1 - 71% - 60% - 8:37
2 - 29% - 40% - 3:27
PK Defense
1 - 52% - 60% - 6:14
2 - 48% - 40% - 5:50
PK3 Forward
1 - 81% - 60% - 1:02
2 - 19% - 40% - 0:15
PK3 Defense
1 - 58% - 60% - 0:45
2 - 42% - 40% - 0:32
44 Forward
1 - 73% - 60% - 2:21
2 - 27% - 40% - 0:51
44 Defense
1 - 58% - 60% - 1:51
2 - 42% - 40% - 1:21
Last Minute Offensive - 0:00
Last Minute Defensive - 0:00
Total
Forward - 60:00
Defense - 60:00
|
Play by Play
1st period
0:01 of 1st period - Ryan Kesler wins face-off versus Travis Zajac in neutral zone.
0:09 of 1st period - Slapshot by Simon Gagné.
0:09 of 1st period - Shot Misses the Net.
0:11 of 1st period - Slapshot by Dion Phaneuf.
0:11 of 1st period - Goal by Dion Phaneuf - Blues : 0 - Penguins : 1.
0:12 of 1st period - Nicklas Backstrom wins face-off versus Steven Stamkos in neutral zone.
0:20 of 1st period - Wrist shot by Bobby Ryan.
0:20 of 1st period - Stopped by Tuukka Rask without a rebound.
0:21 of 1st period - Steven Stamkos wins face-off versus Nicklas Backstrom in Blues zone.
0:35 of 1st period - Minor Penalty to Drew Fata for Holding.
0:36 of 1st period - Nik Antropov wins face-off versus Ryan Kesler in Blues zone.
2:35 of 1st period - Penalty to Drew Fata is over, Drew Fata is back on ice.
2:40 of 1st period - Nik Antropov is hit by Brendan Smith and loses puck.
3:55 of 1st period - Snap shot by Travis Zajac.
3:55 of 1st period - Shot Misses the Net.
3:57 of 1st period - Snap shot by Jake Gardiner.
3:57 of 1st period - Stopped by Brian Elliott without a rebound.
3:58 of 1st period - Travis Zajac wins face-off versus Denis Arkhipov in Penguins zone.
5:46 of 1st period - Off-side.
5:47 of 1st period - Ryan Kesler wins face-off versus Nik Antropov in neutral zone.
6:17 of 1st period - Slapshot by Steve Sullivan.
6:17 of 1st period - Stopped by Tuukka Rask without a rebound.
6:18 of 1st period - Oleg Kvasha wins face-off versus Travis Zajac in Blues zone.
6:19 of 1st period - Snap shot by Steve Sullivan.
6:19 of 1st period - Stopped by Tuukka Rask with a rebound.
6:27 of 1st period - Snap shot by Oleg Kvasha.
6:27 of 1st period - Stopped by Tuukka Rask without a rebound.
6:28 of 1st period - Ryan Kesler wins face-off versus Nicklas Backstrom in Blues zone.
6:31 of 1st period - Slapshot by Nathan Horton.
6:31 of 1st period - Stopped by Tuukka Rask with a rebound.
6:33 of 1st period - Slapshot by Brendan Smith.
6:33 of 1st period - Shot Blocked by Bryce Lampman.
7:23 of 1st period - Snap shot by Sergei Shirokov.
7:23 of 1st period - Stopped by Brian Elliott without a rebound.
7:24 of 1st period - Nicklas Backstrom wins face-off versus Ryan Kesler in Penguins zone.
8:11 of 1st period - Wrist shot by Nicklas Backstrom.
8:11 of 1st period - Stopped by Brian Elliott with a rebound.
8:13 of 1st period - Wrist shot by Darren Reid.
8:13 of 1st period - Shot Misses the Net.
8:21 of 1st period - Slapshot by Dion Phaneuf.
8:21 of 1st period - Deflect By Steve Sullivan.
8:21 of 1st period - Shot Misses the Net.
8:21 of 1st period - Puck is out of play.
8:22 of 1st period - Ryan Kesler wins face-off versus Travis Zajac in Blues zone.
8:29 of 1st period - Snap shot by Simon Gagné.
8:29 of 1st period - Stopped by Tuukka Rask without a rebound.
8:30 of 1st period - Travis Zajac wins face-off versus Ryan Kesler in Blues zone.
8:30 of 1st period - Travis Zajac is hit by Brooks Orpik.
8:48 of 1st period - Slapshot by Alex Pietrangelo.
8:48 of 1st period - Shot Misses the Net.
9:13 of 1st period - Minor Penalty to Brooks Orpik for Hooking.
9:14 of 1st period - Ryan Kesler wins face-off versus Nicklas Backstrom in Penguins zone.
9:23 of 1st period - Off-side.
9:24 of 1st period - Ryan Kesler wins face-off versus Nicklas Backstrom in neutral zone.
9:26 of 1st period - Off-side.
9:27 of 1st period - Ryan Kesler wins face-off versus Travis Zajac in neutral zone.
11:13 of 1st period - Penalty to Brooks Orpik is over, Brooks Orpik is back on ice.
11:22 of 1st period - Snap shot by Bobby Ryan.
11:22 of 1st period - Stopped by Tuukka Rask with a rebound.
11:28 of 1st period - Brooks Orpik is hit by Tyler Arnason and loses puck.
11:51 of 1st period - Wrist shot by Brian McGrattan.
11:51 of 1st period - Shot Misses the Net.
12:01 of 1st period - Backhand shot by Tyler Arnason.
12:01 of 1st period - Stopped by Brian Elliott without a rebound.
12:02 of 1st period - Oleg Kvasha wins face-off versus Tyler Arnason in Penguins zone.
12:29 of 1st period - Sean Zimmerman is hit by Bryce Lampman.
13:47 of 1st period - Wrist shot by Nathan Horton.
13:47 of 1st period - Shot Misses the Net.
14:09 of 1st period - Nik Antropov is hit by Dustin Penner and loses puck.
14:16 of 1st period - Sergei Shirokov is hit by Bobby Ryan and loses puck.
14:23 of 1st period - Steven Stamkos is hit by Lasse Kukkonen and loses puck.
14:36 of 1st period - Snap shot by Tyler Arnason.
14:36 of 1st period - Shot Hit the Post.
14:56 of 1st period - Snap shot by Bobby Ryan.
14:56 of 1st period - Deflect By Steven Stamkos.
14:56 of 1st period - Stopped by Tuukka Rask with a rebound.
15:02 of 1st period - Snap shot by Steven Stamkos.
15:02 of 1st period - Stopped by Tuukka Rask with a rebound.
15:04 of 1st period - Wrist shot by Bobby Ryan.
15:04 of 1st period - Shot Misses the Net.
15:06 of 1st period - Wrist shot by Steven Stamkos.
15:06 of 1st period - Shot Blocked by Taylor Pyatt.
15:08 of 1st period - Slapshot by Sean Zimmerman.
15:08 of 1st period - Stopped by Tuukka Rask with a rebound.
15:10 of 1st period - Slapshot by Sean Zimmerman.
15:10 of 1st period - Shot Misses the Net.
15:18 of 1st period - Snap shot by Bobby Ryan.
15:18 of 1st period - Shot Blocked by Tyler Arnason.
15:20 of 1st period - Slapshot by Dion Phaneuf.
15:20 of 1st period - Shot Misses the Net.
15:22 of 1st period - Snap shot by Dustin Penner.
15:22 of 1st period - Shot Misses the Net.
15:40 of 1st period - Wrist shot by Steven Stamkos.
15:40 of 1st period - Shot Blocked by Lasse Kukkonen.
15:48 of 1st period - Snap shot by Bobby Ryan.
15:48 of 1st period - Shot Blocked by Taylor Pyatt.
15:50 of 1st period - Slapshot by Sean Zimmerman.
15:50 of 1st period - Goal by Sean Zimmerman - Blues : 0 - Penguins : 2.
15:51 of 1st period - Travis Zajac wins face-off versus Ryan Kesler in neutral zone.
15:54 of 1st period - Wrist shot by Alex Pietrangelo.
15:54 of 1st period - Shot Blocked by Duncan Keith.
16:02 of 1st period - Slapshot by Travis Zajac.
16:02 of 1st period - Stopped by Brian Elliott with a rebound.
16:04 of 1st period - Snap shot by Travis Zajac.
16:04 of 1st period - Shot Misses the Net.
16:06 of 1st period - Wrist shot by David Perron.
16:06 of 1st period - Shot Blocked by Brooks Orpik.
16:08 of 1st period - Snap shot by Joe Pavelski.
16:08 of 1st period - Stopped by Brian Elliott with a rebound.
16:18 of 1st period - Darren Reid is hit by Oleg Kvasha.
16:45 of 1st period - Paul Ranger is hit by Jake Gardiner and loses puck.
16:54 of 1st period - Snap shot by Paul Kariya.
16:54 of 1st period - Stopped by Brian Elliott without a rebound.
16:55 of 1st period - Ryan Kesler wins face-off versus Travis Zajac in Penguins zone.
16:57 of 1st period - Minor Penalty to Brendan Smith for High sticking.
16:58 of 1st period - Ryan Kesler wins face-off versus Travis Zajac in Penguins zone.
18:04 of 1st period - Sean Zimmerman is hit by Lasse Kukkonen and loses puck.
18:55 of 1st period - Dion Phaneuf is hit by David Perron and loses puck.
18:57 of 1st period - Penalty to Brendan Smith is over, Brendan Smith is back on ice.
19:15 of 1st period - Slapshot by Dion Phaneuf.
19:15 of 1st period - Stopped by Tuukka Rask with a rebound.
19:17 of 1st period - Snap shot by Steve Sullivan.
19:17 of 1st period - Stopped by Tuukka Rask with a rebound.
19:29 of 1st period - Wrist shot by Nik Antropov.
19:29 of 1st period - Shot Misses the Net.
Goals for this period are 0 for Blues vs 2 for Penguins.
Shots for this period are 7 for Blues vs 14 for Penguins.
2nd period
0:01 of 2nd period - Ryan Kesler wins face-off versus Travis Zajac in neutral zone.
0:05 of 2nd period - Icing by Bryce Lampman.
0:06 of 2nd period - Ryan Kesler wins face-off versus Travis Zajac in Blues zone.
1:19 of 2nd period - Slapshot by Alex Pietrangelo.
1:19 of 2nd period - Shot Misses the Net.
1:21 of 2nd period - Slapshot by Alex Pietrangelo.
1:21 of 2nd period - Shot Blocked by Ladislav Nagy.
1:27 of 2nd period - Wrist shot by Nik Antropov.
1:27 of 2nd period - Stopped by Brian Elliott with a rebound.
1:29 of 2nd period - Wrist shot by Paul Kariya.
1:29 of 2nd period - Deflect By Nik Antropov.
1:29 of 2nd period - Stopped by Brian Elliott without a rebound.
1:30 of 2nd period - Travis Zajac wins face-off versus Ryan Kesler in Penguins zone.
1:37 of 2nd period - Snap shot by David Perron.
1:37 of 2nd period - Stopped by Brian Elliott without a rebound.
1:38 of 2nd period - Simon Gagné wins face-off versus Travis Zajac in Penguins zone.
1:47 of 2nd period - Snap shot by David Perron.
1:47 of 2nd period - Shot Blocked by Sean Zimmerman.
1:49 of 2nd period - Snap shot by Joe Pavelski.
1:49 of 2nd period - Shot Blocked by Simon Gagné.
1:51 of 2nd period - Snap shot by David Perron.
1:51 of 2nd period - Stopped by Brian Elliott with a rebound.
1:53 of 2nd period - Slapshot by Joe Pavelski.
1:53 of 2nd period - Stopped by Brian Elliott without a rebound.
1:54 of 2nd period - Ryan Kesler wins face-off versus Nicklas Backstrom in Penguins zone.
1:54 of 2nd period - Ryan Kesler is hit by Darren Reid.
2:01 of 2nd period - Off-side.
2:02 of 2nd period - Nicklas Backstrom wins face-off versus Ryan Kesler in neutral zone.
2:46 of 2nd period - Icing by Bobby Ryan.
2:47 of 2nd period - Nik Antropov wins face-off versus Oleg Kvasha in Penguins zone.
3:01 of 2nd period - Minor Penalty to Oleg Kvasha for Tripping.
3:02 of 2nd period - Travis Zajac wins face-off versus Ryan Kesler in Penguins zone.
3:43 of 2nd period - Minor Penalty to Bobby Ryan for Slashing.
3:44 of 2nd period - Ryan Kesler wins face-off versus Travis Zajac in Penguins zone.
3:54 of 2nd period - Brooks Orpik is hit by Jake Gardiner.
5:01 of 2nd period - Penalty to Oleg Kvasha is over, Oleg Kvasha is back on ice.
5:33 of 2nd period - Lasse Kukkonen is hit by Dion Phaneuf and loses puck.
5:43 of 2nd period - Penalty to Bobby Ryan is over, Bobby Ryan is back on ice.
5:52 of 2nd period - Slapshot by Dion Phaneuf.
5:52 of 2nd period - Shot Hit the Post.
5:54 of 2nd period - Slapshot by Sean Zimmerman.
5:54 of 2nd period - Shot Misses the Net.
5:56 of 2nd period - Slapshot by Dion Phaneuf.
5:56 of 2nd period - Deflect By Oleg Kvasha.
5:56 of 2nd period - Goal by Oleg Kvasha - Blues : 0 - Penguins : 3.
5:57 of 2nd period - Ryan Kesler wins face-off versus Nicklas Backstrom in neutral zone.
6:39 of 2nd period - Minor Penalty to Bobby Ryan for Hooking.
6:40 of 2nd period - Ryan Kesler wins face-off versus Travis Zajac in Penguins zone.
7:18 of 2nd period - Darren Reid is hit by Dustin Penner and loses puck.
7:37 of 2nd period - Slapshot by Alex Pietrangelo.
7:37 of 2nd period - Deflect By Darren Reid.
7:37 of 2nd period - Stopped by Brian Elliott without a rebound.
7:38 of 2nd period - Travis Zajac wins face-off versus Ryan Kesler in Penguins zone.
7:41 of 2nd period - Wrist shot by Travis Zajac.
7:41 of 2nd period - Stopped by Brian Elliott without a rebound.
7:42 of 2nd period - Ryan Kesler wins face-off versus Travis Zajac in Penguins zone.
7:59 of 2nd period - Snap shot by Joe Pavelski.
7:59 of 2nd period - Shot Blocked by Sean Zimmerman.
8:39 of 2nd period - Penalty to Bobby Ryan is over, Bobby Ryan is back on ice.
9:05 of 2nd period - Paul Kariya is hit by Duncan Keith and loses puck.
9:21 of 2nd period - Nicklas Backstrom is hit by Ladislav Nagy and loses puck.
10:04 of 2nd period - Taylor Pyatt is hit by Steven Stamkos and loses puck.
10:19 of 2nd period - Wrist shot by Denis Arkhipov.
10:19 of 2nd period - Shot Misses the Net.
11:44 of 2nd period - Backhand shot by Bobby Ryan.
11:44 of 2nd period - Goal by Bobby Ryan - Blues : 0 - Penguins : 4.
11:44 of 2nd period - Adam Munro enters game.
11:45 of 2nd period - Travis Zajac wins face-off versus Steven Stamkos in neutral zone.
11:49 of 2nd period - Brooks Orpik and Jake Gardiner fight to a draw.
11:49 of 2nd period - Penalty to Brooks Orpik for Fighting.
11:49 of 2nd period - Penalty to Jake Gardiner for Fighting.
11:50 of 2nd period - Travis Zajac wins face-off versus Ryan Kesler in Penguins zone.
11:53 of 2nd period - Snap shot by Joe Pavelski.
11:53 of 2nd period - Stopped by Brian Elliott with a rebound.
11:55 of 2nd period - Snap shot by Travis Zajac.
11:55 of 2nd period - Shot Hit the Post.
11:57 of 2nd period - Snap shot by Joe Pavelski.
11:57 of 2nd period - Shot Blocked by Duncan Keith.
11:59 of 2nd period - Slapshot by Alex Pietrangelo.
11:59 of 2nd period - Deflect By Ryan Kesler.
11:59 of 2nd period - Stopped by Brian Elliott without a rebound.
12:00 of 2nd period - Travis Zajac wins face-off versus Ryan Kesler in Penguins zone.
12:03 of 2nd period - Slapshot by Alex Pietrangelo.
12:03 of 2nd period - Goal by Alex Pietrangelo - Blues : 1 - Penguins : 4.
12:04 of 2nd period - Travis Zajac wins face-off versus Ryan Kesler in neutral zone.
12:08 of 2nd period - Minor Penalty to David Perron for Interference.
12:09 of 2nd period - Nik Antropov wins face-off versus Ryan Kesler in Blues zone.
12:48 of 2nd period - Minor Penalty to Steven Stamkos for Hooking.
12:49 of 2nd period - Travis Zajac wins face-off versus Simon Gagné in Penguins zone.
12:54 of 2nd period - Snap shot by Nicklas Backstrom.
12:54 of 2nd period - Goal by Nicklas Backstrom - Blues : 2 - Penguins : 4.
12:55 of 2nd period - Ryan Kesler wins face-off versus Travis Zajac in neutral zone.
13:04 of 2nd period - Backhand shot by Simon Gagné.
13:04 of 2nd period - Stopped by Adam Munro with a rebound.
14:08 of 2nd period - Penalty to David Perron is over, David Perron is back on ice.
14:48 of 2nd period - Penalty to Steven Stamkos is over, Steven Stamkos is back on ice.
15:11 of 2nd period - Wrist shot by David Jones.
15:11 of 2nd period - Stopped by Adam Munro without a rebound.
15:12 of 2nd period - Steven Stamkos wins face-off versus Nik Antropov in Blues zone.
15:23 of 2nd period - Slapshot by Steven Stamkos.
15:23 of 2nd period - Stopped by Adam Munro without a rebound.
15:24 of 2nd period - Travis Zajac wins face-off versus Ryan Kesler in Blues zone.
15:24 of 2nd period - Travis Zajac is hit by Ryan Kesler.
15:30 of 2nd period - Nathan Horton is hit by Travis Zajac and loses puck.
16:00 of 2nd period - Guillaume Latendresse is hit by Duncan Keith and loses puck.
17:19 of 2nd period - Sean Zimmerman is hit by Guillaume Latendresse and loses puck.
17:32 of 2nd period - Wrist shot by Sergei Shirokov.
17:32 of 2nd period - Stopped by Brian Elliott with a rebound.
17:34 of 2nd period - Wrist shot by Paul Kariya.
17:34 of 2nd period - Stopped by Brian Elliott with a rebound.
17:38 of 2nd period - Wrist shot by Paul Kariya.
17:38 of 2nd period - Stopped by Brian Elliott without a rebound.
17:39 of 2nd period - Nathan Horton wins face-off versus David Perron in Penguins zone.
17:39 of 2nd period - Nathan Horton is hit by Travis Zajac.
17:48 of 2nd period - Off-side.
17:49 of 2nd period - Ryan Kesler wins face-off versus Travis Zajac in neutral zone.
18:06 of 2nd period - Wrist shot by Simon Gagné.
18:06 of 2nd period - Shot Misses the Net.
18:20 of 2nd period - Snap shot by Travis Zajac.
18:20 of 2nd period - Shot Blocked by Duncan Keith.
18:34 of 2nd period - Icing by Alex Pietrangelo.
18:35 of 2nd period - Steven Stamkos wins face-off versus Travis Zajac in Blues zone.
18:38 of 2nd period - Snap shot by Dustin Penner.
18:38 of 2nd period - Shot Hit the Post.
18:40 of 2nd period - Snap shot by Steven Stamkos.
18:40 of 2nd period - Shot Misses the Net.
18:42 of 2nd period - Wrist shot by Dustin Penner.
18:42 of 2nd period - Stopped by Adam Munro without a rebound.
18:43 of 2nd period - Nicklas Backstrom wins face-off versus Steven Stamkos in Blues zone.
19:08 of 2nd period - Slapshot by Steven Stamkos.
19:08 of 2nd period - Stopped by Adam Munro with a rebound.
19:10 of 2nd period - Slapshot by Steven Stamkos.
19:10 of 2nd period - Shot Blocked by Alex Pietrangelo.
19:12 of 2nd period - Slapshot by Dion Phaneuf.
19:12 of 2nd period - Stopped by Adam Munro with a rebound.
19:14 of 2nd period - Slapshot by Dustin Penner.
19:14 of 2nd period - Shot Hit the Post.
19:16 of 2nd period - Wrist shot by Steven Stamkos.
19:16 of 2nd period - Deflect By Dustin Penner.
19:16 of 2nd period - Stopped by Adam Munro with a rebound.
19:49 of 2nd period - Nik Antropov is hit by Bobby Ryan and loses puck.
Goals for this period are 2 for Blues vs 2 for Penguins.
Shots for this period are 14 for Blues vs 9 for Penguins.
3rd period
0:01 of 3rd period - Travis Zajac wins face-off versus Ryan Kesler in neutral zone.
0:26 of 3rd period - Nicklas Backstrom is hit by Bobby Ryan and loses puck.
1:11 of 3rd period - Wrist shot by Nathan Horton.
1:11 of 3rd period - Stopped by Adam Munro with a rebound.
1:13 of 3rd period - Snap shot by Paul Ranger.
1:13 of 3rd period - Shot Blocked by Paul Kariya.
1:15 of 3rd period - Slapshot by Brendan Smith.
1:15 of 3rd period - Stopped by Adam Munro without a rebound.
1:16 of 3rd period - Travis Zajac wins face-off versus Ryan Kesler in Blues zone.
1:16 of 3rd period - Travis Zajac is hit by Ryan Kesler.
1:27 of 3rd period - Off-side.
1:28 of 3rd period - Travis Zajac wins face-off versus Ryan Kesler in neutral zone.
2:40 of 3rd period - Wrist shot by David Perron.
2:40 of 3rd period - Stopped by Brian Elliott without a rebound.
2:41 of 3rd period - Travis Zajac wins face-off versus Denis Arkhipov in Penguins zone.
2:50 of 3rd period - Snap shot by Joe Pavelski.
2:50 of 3rd period - Shot Blocked by Dion Phaneuf.
2:52 of 3rd period - Slapshot by David Perron.
2:52 of 3rd period - Shot Blocked by Denis Arkhipov.
2:54 of 3rd period - Wrist shot by David Perron.
2:54 of 3rd period - Shot Blocked by Brian McGrattan.
3:08 of 3rd period - Snap shot by David Perron.
3:08 of 3rd period - Stopped by Brian Elliott without a rebound.
3:09 of 3rd period - Nicklas Backstrom wins face-off versus Simon Gagné in Penguins zone.
3:12 of 3rd period - Slapshot by Nicklas Backstrom.
3:12 of 3rd period - Shot Misses the Net.
3:50 of 3rd period - Minor Penalty to Cody Franson for Tripping.
3:51 of 3rd period - Ryan Kesler wins face-off versus Nik Antropov in Blues zone.
4:00 of 3rd period - Wrist shot by Ryan Kesler.
4:00 of 3rd period - Stopped by Adam Munro without a rebound.
4:01 of 3rd period - Nik Antropov wins face-off versus Ryan Kesler in Blues zone.
4:11 of 3rd period - Icing by Ryan Kesler.
4:12 of 3rd period - Nik Antropov wins face-off versus Ryan Kesler in Penguins zone.
4:45 of 3rd period - Snap shot by Nathan Horton.
4:45 of 3rd period - Shot Misses the Net.
4:47 of 3rd period - Snap shot by Simon Gagné.
4:47 of 3rd period - Shot Misses the Net.
4:49 of 3rd period - Slapshot by Dion Phaneuf.
4:49 of 3rd period - Shot Blocked by Alex Pietrangelo.
4:51 of 3rd period - Wrist shot by Nathan Horton.
4:51 of 3rd period - Shot Blocked by Bryce Lampman.
4:53 of 3rd period - Snap shot by Ryan Kesler.
4:53 of 3rd period - Shot Misses the Net.
4:55 of 3rd period - Snap shot by Nathan Horton.
4:55 of 3rd period - Shot Misses the Net.
4:57 of 3rd period - Wrist shot by Ryan Kesler.
4:57 of 3rd period - Goal by Ryan Kesler - Blues : 2 - Penguins : 5.
4:58 of 3rd period - Steven Stamkos wins face-off versus Travis Zajac in neutral zone.
5:09 of 3rd period - Snap shot by Dustin Penner.
5:09 of 3rd period - Shot Blocked by Drew Fata.
5:32 of 3rd period - Guillaume Latendresse is hit by Steve Sullivan and loses puck.
5:46 of 3rd period - Off-side.
5:47 of 3rd period - Ryan Kesler wins face-off versus Nik Antropov in neutral zone.
6:00 of 3rd period - Snap shot by Nathan Horton.
6:00 of 3rd period - Shot Blocked by Alex Pietrangelo.
6:02 of 3rd period - Snap shot by Ryan Kesler.
6:02 of 3rd period - Shot Blocked by Sergei Shirokov.
6:35 of 3rd period - Snap shot by David Jones.
6:35 of 3rd period - Goal by David Jones - Blues : 2 - Penguins : 6.
6:36 of 3rd period - Travis Zajac wins face-off versus Ryan Kesler in neutral zone.
6:47 of 3rd period - Slapshot by Travis Zajac.
6:47 of 3rd period - Stopped by Brian Elliott with a rebound.
7:03 of 3rd period - Snap shot by Oleg Kvasha.
7:03 of 3rd period - Stopped by Adam Munro with a rebound.
7:48 of 3rd period - Darren Reid is hit by Steven Stamkos.
8:08 of 3rd period - Snap shot by Nicklas Backstrom.
8:08 of 3rd period - Stopped by Brian Elliott with a rebound.
8:14 of 3rd period - Wrist shot by Darren Reid.
8:14 of 3rd period - Stopped by Brian Elliott with a rebound.
8:16 of 3rd period - Wrist shot by Darren Reid.
8:16 of 3rd period - Stopped by Brian Elliott with a rebound.
8:18 of 3rd period - Backhand shot by Alex Pietrangelo.
8:18 of 3rd period - Deflect By Dustin Penner.
8:18 of 3rd period - Goal by Alex Pietrangelo - Blues : 3 - Penguins : 6.
8:19 of 3rd period - David Perron wins face-off versus Ryan Kesler in neutral zone.
8:33 of 3rd period - Wrist shot by Drew Fata.
8:33 of 3rd period - Shot Blocked by Sean Zimmerman.
9:07 of 3rd period - Minor Penalty to David Jones for Roughing.
9:08 of 3rd period - Ryan Kesler wins face-off versus Travis Zajac in Penguins zone.
9:08 of 3rd period - Ryan Kesler is hit by Jake Gardiner.
9:18 of 3rd period - Ryan Kesler is hit by Joe Pavelski and loses puck.
9:35 of 3rd period - Brooks Orpik is hit by Jake Gardiner and loses puck.
11:07 of 3rd period - Penalty to David Jones is over, David Jones is back on ice.
11:11 of 3rd period - Slapshot by Denis Arkhipov.
11:11 of 3rd period - Stopped by Adam Munro without a rebound.
11:12 of 3rd period - Tyler Arnason wins face-off versus Oleg Kvasha in Blues zone.
11:12 of 3rd period - Tyler Arnason is hit by Brendan Smith.
11:40 of 3rd period - Icing by David Jones.
11:41 of 3rd period - Oleg Kvasha wins face-off versus Travis Zajac in Penguins zone.
12:20 of 3rd period - Wrist shot by Simon Gagné.
12:20 of 3rd period - Stopped by Adam Munro with a rebound.
12:34 of 3rd period - Snap shot by Sergei Shirokov.
12:34 of 3rd period - Shot Misses the Net.
12:36 of 3rd period - Slapshot by Drew Fata.
12:36 of 3rd period - Stopped by Brian Elliott with a rebound.
12:40 of 3rd period - Slapshot by Nik Antropov.
12:40 of 3rd period - Stopped by Brian Elliott with a rebound.
13:35 of 3rd period - Snap shot by Paul Kariya.
13:35 of 3rd period - Stopped by Brian Elliott without a rebound.
13:36 of 3rd period - Nik Antropov wins face-off versus Steven Stamkos in Penguins zone.
14:14 of 3rd period - Snap shot by Paul Kariya.
14:14 of 3rd period - Deflect By Sergei Shirokov.
14:14 of 3rd period - Shot Misses the Net.
14:14 of 3rd period - Puck is out of play.
14:15 of 3rd period - Travis Zajac wins face-off versus Ryan Kesler in Penguins zone.
14:17 of 3rd period - Minor Penalty to Brooks Orpik for Hooking.
14:18 of 3rd period - Ryan Kesler wins face-off versus Travis Zajac in Penguins zone.
15:34 of 3rd period - Cody Franson is hit by Dustin Penner and loses puck.
16:17 of 3rd period - Penalty to Brooks Orpik is over, Brooks Orpik is back on ice.
16:20 of 3rd period - Off-side.
16:21 of 3rd period - Oleg Kvasha wins face-off versus Tyler Arnason in neutral zone.
16:32 of 3rd period - Slapshot by Oleg Kvasha.
16:32 of 3rd period - Deflect By Steve Sullivan.
16:32 of 3rd period - Shot Blocked by Lee Stempniak.
16:32 of 3rd period - Puck is out of play.
16:33 of 3rd period - Joe Pavelski wins face-off versus Ryan Kesler in Blues zone.
16:33 of 3rd period - Joe Pavelski is hit by Sean Zimmerman.
17:21 of 3rd period - Off-side.
17:22 of 3rd period - Nicklas Backstrom wins face-off versus Oleg Kvasha in neutral zone.
17:37 of 3rd period - Slapshot by Alex Pietrangelo.
17:37 of 3rd period - Stopped by Brian Elliott with a rebound.
17:39 of 3rd period - Slapshot by Guillaume Latendresse.
17:39 of 3rd period - Shot Misses the Net.
17:50 of 3rd period - Minor Penalty to Alex Pietrangelo for Roughing.
17:51 of 3rd period - Ryan Kesler wins face-off versus Nik Antropov in Blues zone.
17:54 of 3rd period - Snap shot by Nathan Horton.
17:54 of 3rd period - Shot Misses the Net.
17:56 of 3rd period - Wrist shot by Simon Gagné.
17:56 of 3rd period - Goal by Simon Gagné - Blues : 3 - Penguins : 7.
17:57 of 3rd period - Ryan Kesler wins face-off versus Travis Zajac in neutral zone.
18:01 of 3rd period - Minor Penalty to Nathan Horton for Charging.
18:02 of 3rd period - Ryan Kesler wins face-off versus Travis Zajac in Penguins zone.
18:06 of 3rd period - Minor Penalty to Joe Pavelski for Holding.
18:07 of 3rd period - Travis Zajac wins face-off versus Ryan Kesler in Blues zone.
18:17 of 3rd period - Wrist shot by David Perron.
18:17 of 3rd period - Stopped by Brian Elliott without a rebound.
18:18 of 3rd period - Simon Gagné wins face-off versus Travis Zajac in Penguins zone.
18:23 of 3rd period - Wrist shot by Simon Gagné.
18:23 of 3rd period - Shot Misses the Net.
19:05 of 3rd period - Snap shot by Steven Stamkos.
19:05 of 3rd period - Stopped by Adam Munro without a rebound.
19:06 of 3rd period - Ryan Kesler wins face-off versus Travis Zajac in Blues zone.
19:27 of 3rd period - Drew Fata is hit by Bobby Ryan and loses puck.
Goals for this period are 1 for Blues vs 3 for Penguins.
Shots for this period are 12 for Blues vs 10 for Penguins.
Back to the Top